 Dungeon Crawl Stone Soup version 0.31-a0-446-g07c4bd200f (webtiles) character file.

Game seed: 7165919078437825339

826 Ethylacetat the Insei (level 7, -1/38 HPs)
             Began as a Vine Stalker Monk on Aug 3, 2023.
             Splashed by a jelly's acid (7 damage)
             ... on level 5 of the Dungeon.
             The game lasted 00:05:34 (3611 turns).

Ethylacetat the Insei (Vine Stalker Monk)           Turns: 3611, Time: 00:05:34

Health: -1/38      AC: -14   Str: 14    XL:     7   Next: 96%
Magic:  0/13       EV: 13    Int: 10    God:
Gold:   290        SH:  0    Dex: 18    Spells: 13/13 levels left

rFire   . . .        t - +1 dagger (venom)
rCold   . . .        c - orb {light}
rNeg    . . .        a - +0 robe
rPois   .            (no helmet)
rElec   .            (no cloak)
rCorr   .            (no gloves)
SInv    .            (no boots)
Will    .....        (no amulet)
Stlth   +            (no ring)
HPRegen 1.06/turn    (no ring)
MPRegen 0.13/turn

%: guardian spirit
@: corroded, glowing
A: fangs 2, regeneration 1, magic shield, antimagic bite, no potion heal 2
a: no special abilities


You were on level 5 of the Dungeon.
You visited 2 branches of the dungeon, and saw 6 of its levels.

You collected 290 gold pieces.

Inventory:

Hand Weapons
 t - a +1 dagger of venom (weapon)
Missiles
 u - a throwing net
Armour
 a - a +0 robe (worn)
 c - an orb of light (worn)
Talismans
 d - a maw talisman
Wands
 h - a wand of charming (3)
 o - a wand of light (6)
Scrolls
 f - 5 scrolls of teleportation {unknown}
 i - a scroll of vulnerability {unknown}
 j - a scroll of noise {unknown}
 l - 4 scrolls of identify {unknown}
 m - a scroll of fog {unknown}
 n - a scroll of poison {unknown}
 q - a scroll of summoning {unknown}
Potions
 b - a potion of ambrosia
 e - 2 potions of enlightenment {unknown}
 g - 4 potions of curing {unknown}
 k - 2 potions of lignification {unknown}
 p - 2 potions of berserk rage {unknown}
 r - a potion of haste {unknown}
 s - a potion of might {unknown}
 v - a potion of heal wounds {unknown}


   Skills:
 + Level 4.4 Fighting
 - Level 2.4 Dodging
 + Level 4.8 Unarmed Combat
 + Level 3.5 Spellcasting
 * Level 4.3 Shapeshifting


You had 13 spell levels left.
You didn't know any spells.
Your spell library contained the following spells:

 Spells                   Type           Power      Damage    Failure   Level
 Poisonous Vapours        Pois/Air       2%         N/A       38%         2
 Mephitic Cloud           Conj/Pois/Air  1%         N/A       63%         3
 Freezing Cloud           Conj/Ice/Air   0%         6-21      100%        5


Dungeon Overview and Level Annotations

Branches:
Dungeon (5/15)             Temple (1/1) D:5

Altars:
Ashenzari
Cheibriados
Dithmenos
Elyvilon
Kikubaaqudgha
Makhleb
Nemelex Xobeh
Okawaru
Qazlal
Trog
Xom
Yredelemnul
Zin
The Shining One

Shops:
D:1 *[

Annotations:
D:3 3 runed translucent doors, tensugalgo's ghost, novice NaSh


Innate Abilities, Weirdness & Mutations

You have extremely sharp teeth.
Your natural rate of healing is unusually fast.
When hurt, damage is shared between your health and your magic reserves.
Your bite disrupts and absorbs the magic of your enemies.
Potions cannot restore your health.


Message History

You are more poisoned.
The adder poisons you!
You hit the adder.
The adder looks as sick as possible!
You bite the adder, but do no damage.
The adder is heavily wounded.
You feel sick. The adder closely misses you.
You hit the adder but do no damage. You bite the adder, but do no damage.
The adder is severely wounded.
You feel sick.
You kill the adder!
You feel sick.
You feel sick.
You feel sick.
You feel sick.
You feel sick.
You feel sick.
You are no longer poisoned.
You are no longer corroded.
HP restored.
Magic restored.
Done exploring.
You see here an adder corpse.
There is a fountain of clear blue water here.
There is a staircase back to the Dungeon here.
You climb upwards.
Welcome back to the Dungeon!
The jelly hits you.
You are splashed with acid!
The jelly hits you but does no damage.
There is a staircase to the Ecumenical Temple, spattered with blood here.
You hit the jelly but do no damage.
The jelly is poisoned.
The acid corrodes you!
Your hands burn!
You bite the jelly, but do no damage. The jelly hits you.
You are splashed with acid.
You hit the jelly but do no damage. The acid corrodes you!
Your hands burn!
The jelly barely misses you.
You hit the jelly.
The jelly looks as sick as possible!
Your hands burn!
The jelly is moderately wounded.
The jelly hits you. The acid corrodes you!
You are splashed with acid!
* * * LOW HITPOINT WARNING * * *
The jelly attacks as you move away! The jelly hits you.
* * * LOW HITPOINT WARNING * * *
The acid corrodes you!
You are splashed with acid!
You die...

. #.....>.........####
#.###............ #.....
#.....#.........# #####.
....#...#..#......####....
.. ####...######.##...###
#.⌠.# ####....###
######...###.....###
............###.##
....⌠..@.)⌠.# ###
......J.....#
..####...#### . #.⌠.#
#...# #####


You could see a jelly (extremely poisoned).

Vanquished Creatures
  An ogre (D:4)
  A phantom (D:4)
  A bullfrog (D:4)
  2 scorpions (D:4)
  2 hounds (D:4)
  An orc priest (D:4)
  Jessica (D:3)
  A scorpion zombie (D:3)
  4 orc wizards
  A hound zombie (D:3)
  Robin (D:3)
  8 adders
  3 gnolls
  2 worms
  15 orcs
  9 ball pythons
  6 bats
  5 endoplasms
  7 giant cockroaches
  17 goblins
  11 hobgoblins
  7 jackals
  2 quokkas
  A ball python zombie (D:3)
  A frilled lizard (D:1)
  6 kobolds
  4 rats
120 creatures vanquished.

Notes
Turn   | Place    | Note
-------+----------+-------------------------------------------
     0 | D:1      | Ethylacetat the Vine Stalker Monk began the quest for the
                  | Orb.
     0 | D:1      | Reached XP level 1. HP: 11/11 MP: 2/2
   225 | D:1      | Found Igugheygg's General Store.
   245 | D:1      | Reached XP level 2. HP: 16/16 MP: 3/3
   741 | D:1      | Reached skill level 1 in Shapeshifting
   782 | D:1      | Reached XP level 3. HP: 14/19 MP: 2/5
   816 | D:1      | Found Kogoalif's Armour Boutique.
   924 | D:1      | Reached skill level 1 in Spellcasting
  1223 | D:2      | Found a basalt altar of Yredelemnul.
  1522 | D:3      | Gained mutation: Your natural rate of healing is unusually
                  | fast. [Vine Stalker growth]
  1522 | D:3      | Reached XP level 4. HP: 20/24 MP: 5/7
  1618 | D:3      | Noticed Jessica
  1624 | D:3      | Killed Jessica
  1650 | D:3      | Found a basalt altar of Yredelemnul.
  1670 | D:3      | Reached XP level 5. HP: 17/28 MP: 4/8
  1822 | D:3      | Found a glowing golden altar of the Shining One.
  1898 | D:3      | Found a runed translucent gate.
  1898 | D:3      | Identified the +6 whip of Enedecy {heavy, Int+5}
  1898 | D:3      | Noticed tensugalgo's ghost (novice NaSh)
  1972 | D:3      | Noticed Robin
  1986 | D:3      | Reached XP level 6. HP: 30/32 MP: 6/10
  1995 | D:3      | Killed Robin
  2132 | D:3      | Found a glowing silver altar of Zin.
  2133 | D:3      | Noticed an angel
  2323 | D:3      | Found a runed translucent gate.
  2323 | D:3      | Found a runed translucent gate.
  2613 | D:4      | Found a burning altar of Makhleb.
  2625 | D:4      | Reached XP level 7. HP: 36/37 MP: 12/12
  2819 | D:4      | Found a shadowy altar of Dithmenos.
  3024 | D:4      | Found an iron altar of Okawaru.
  3389 | D:5      | Entered Level 5 of the Dungeon
  3472 | D:5      | Found a staircase to the Ecumenical Temple.
  3512 | Temple   | Entered the Ecumenical Temple
  3611 | D:5      | Splashed by a jelly's acid

Illustrated notes

Levels and vault maps discovered:
D:1:      scummos_arrival_star, layout_basic, serial_shops, shop_fountains,
          shop, kennysheep_nondescript
D:2:      layout_rooms, basic_altar
D:3:      layout_basic, nicolae_yredelemnul_corpse_copse, zin_angel, tso_altar,
          biasface_ghost_orc_armoury, minmay_misc_feat_enclosed,
          skrybe_limestone_x, dk_noncrumbling_3, uniq_robin, uniq_jessica
D:4:      layout_loops_ring, mainiacjoe_overflow_surrounded_room,
          kennysheep_little_box, makhleb_heckhound_becter
D:5:      layout_rooms, gammafunk_temple_overflow_statue,
          minmay_temple_entry_junction, lightli_minifort, uniq_ijyb,
          uniq_crazy_yiuf_cottage
Temple:   nicolae_temple_superstar

Skill      XL: |  1  2  3  4  5  6  7 |
---------------+----------------------+-----
Shapeshifting  | 1 2 3 4 |  4.3
Spellcasting   | 1 2 3 |  3.5
Fighting       | 3 4 |  4.4
Unarmed Combat | 4 |  4.8
Dodging        | |  2.4

Action                     |  1- 3 |  4- 6 |  7- 9 || total
---------------------------+-------+-------+-------++-------
  Melee: Unarmed           |   102 |    99 |       ||   201
         Bite              |    28 |    69 |    44 ||   141
         Dagger            |       |    67 |   108 ||   175
 Armour: Robe              |    17 |    27 |     8 ||    52
  Dodge: Dodged            |    70 |   103 |    90 ||   263

Table legend: (Time is in decaauts)
 A = Elapsed time spent in this place.
 B = Non-inter-level travel time spent in this place.
 C = Inter-level travel time spent in this place.
 D = Time resting spent in this place.
 E = Time spent auto-exploring this place.
 F = Levels seen in this place.
 G = Mean time per level.
                   A        B        C        D        E       F      G
               +--------+--------+--------+--------+--------+-----+--------+
         Total |   3598 |   3463 |    135 |     16 |   2692 |   6 |  599.7 |
       Dungeon |   3503 |   3383 |    120 |     16 |   2639 |   5 |  700.6 |
        Temple |     94 |     79 |     15 |      0 |     53 |   1 |   94.0 |
               +--------+--------+--------+--------+--------+-----+--------+

Top non-repeatable levels by time:
     D:1: 1027 daAuts
     D:3: 1024 daAuts
     D:4: 864 daAuts
     D:2: 480 daAuts
     D:5: 106 daAuts
  Temple: 94 daAuts
